 Dungeon Crawl Stone Soup version 0.25.1-2-g60ff931df9 (webtiles) character file.

Game seed: 2714415025704911622

12457 funkygono the Destroyer (level 11, -3/78 HPs)
             Began as a Demonspawn Conjurer on Nov 1, 2020.
             Was a Believer of Sif Muna.
             Slain by Urug
             ... wielding a +0 great sword of holy wrath
              (9 damage)
             ... on level 10 of the Dungeon.
             The game lasted 00:29:35 (15673 turns).

funkygono the Destroyer (Demonspawn Conjurer)      Turns: 15673, Time: 00:29:36

Health: -3/78      AC: 16    Str: 11    XL:     11   Next: 62%
Magic:  25/25      EV: 22    Int: 21    God:    Sif Muna [**....]
Gold:   526        SH:  5    Dex: 14    Spells: 27/31 levels left

rFire    + + .     SeeInvis .   a - +2 morningstar
rCold    . . .     Gourm    .   (no shield)
rNeg     . . .     Faith    .   p - +0 robe {rF+}
rPois    .         Spirit   .   A - +1 hat
rElec    .         Reflect  +   m - +1 cloak
rCorr    .         Harm     .   (no gloves)
MR       .....                  u - +0 pair of boots
Stlth    ++........             x - amulet of reflection
HPRegen  0.23/turn              j - ring of protection from fire
MPRegen  0.19/turn              D - ring of Weidusit {*Contam +Inv AC+4 Str+2 Int+2}

@: agile, sanguine armour, studying Dodging
A: antennae 1, powered by pain 1, spiny 1, sanguine armour 1
a: Channel Magic, Renounce Religion, Evoke Invisibility


You were on level 10 of the Dungeon.
You worshipped Sif Muna.
Sif Muna was pleased with you.
You were not hungry.

You visited 2 branches of the dungeon, and saw 12 of its levels.

You collected 526 gold pieces.

Inventory:

Hand Weapons
 a - a +2 morningstar (weapon)
 k - a +3 quarterstaff of chaos
 w - a +0 vorpal flail
Missiles
 l - 182 stones (quivered)
Armour
 m - a +1 cloak (worn)
 p - a +0 robe of fire resistance (worn)
 u - a +0 pair of boots (worn)
 A - a +1 hat (worn)
 B - +1 swamp dragon scales
Jewellery
 b - an uncursed ring of protection from fire
 j - a ring of protection from fire (left hand)
 x - an amulet of reflection (around neck)
 D - the ring of Weidusit (right hand) {*Contam +Inv AC+4 Str+2 Int+2}
   (You took it off a wight on level 9 of the Dungeon)

   [ring of protection]

   It affects your AC (+4).
   It affects your strength (+2).
   It affects your intelligence (+2).
   It lets you turn invisible.
   It causes magical contamination when unequipped.
Wands
 C - a wand of acid (5)
Scrolls
 i - 7 scrolls of remove curse
 n - 2 scrolls of silence
 o - 3 scrolls of amnesia
 r - 2 scrolls of teleportation
 t - 2 scrolls of magic mapping
 v - a scroll of blinking
 F - a scroll of fog
Potions
 d - 2 potions of mutation
 e - 3 potions of curing
 f - 3 potions of lignification
 g - a potion of flight
 s - a potion of stabbing
 z - a potion of cancellation
Books
 y - a manual of Dodging
Comestibles
 c - 13 rations


   Skills:
 + Level 4.5 Fighting
 + Level 3.2 Maces & Flails
 + Level 8.1 Dodging
 - Level 1.7 Stealth
 + Level 10.9 Spellcasting
 + Level 11.9 Conjurations


You had 27 spell levels left.
You knew the following spells:

 Your Spells              Type           Power        Failure   Level  Hunger
a - Magic Dart            Conj           ####         1%          1    None
b - Searing Ray           Conj           ######       1%          2    None
c - Summon Small Mammal   Summ           ##..         6%          1    None

Your spell library contained the following spells:

 Spells                   Type           Power        Failure   Level  Hunger
 Dazzling Flash           Conj/Hex       #####.       1%          3    None
 Fulminant Prism          Conj/Hex       #####.....   4%          4    ##.....
 Iskenderun's Mystic Bla  Conj/Tloc      #####...     4%          4    ##.....
 Animate Skeleton         Necr           N/A          6%          1    None
 Apportation              Tloc           ##....       6%          1    None
 Corona                   Hex            ##.....      6%          1    None


Dungeon Overview and Level Annotations

Branches:
Dungeon (11/15)            Temple (1/1) D:7
   Lair: D:8-11         Orc: D:9-12

Altars:
Ashenzari
Cheibriados
Dithmenos
Elyvilon
Fedhas
Gozag
Hepliaklqana
Kikubaaqudgha
Makhleb
Nemelex Xobeh
Okawaru
Qazlal
Ru
Sif Muna
Trog
Uskayaw
Vehumet
Wu Jian
Xom
Yredelemnul
Zin
The Shining One

Annotations:
D:6 1 runed translucent door
D:10 Urug


Innate Abilities, Weirdness & Mutations

You have a pair of small antennae on your head.
You sometimes gain a little power by taking damage.
You are partially covered in sharp spines.
When seriously injured, your bleeding wounds create armour. (AC +6)


Message History

Press: ? - help, Shift-Dir - straight line, f - Urug
Aim: Urug, wielding a +0 great sword of holy wrath and wearing a +0 chain mail (heavily wounded)
The searing ray hits Urug!
Urug is heavily wounded. (Press . to maintain the ray.) Urug hits you with a +0 great sword of holy wrath.
* * * LOW HITPOINT WARNING * * *
You convulse.
* * * LOW HITPOINT WARNING * * *
The searing ray misses Urug.
The searing ray hits Urug.
Urug is severely wounded.
Urug hits you with a +0 great sword of holy wrath!
* * * LOW HITPOINT WARNING * * *
You convulse.
* * * LOW HITPOINT WARNING * * *
You see here a +1 club.
You see here a +0 robe.
Urug hits you with a +0 great sword of holy wrath!
You die...

.)[.........................##
.............................#
###########...#########......#
...<.......................[.#
.............................#
...............#########.##..#
#########......#########....##
...............o.........####
................@........#
.....#####......########.#
###..# ####...# #.# #..# #####
#.# ###..###################.#
................)........#
.##########...#.....###..# .#
#...#[....# #[.#
.##########...#..8..###..#


You could see Urug.

Vanquished Creatures
  Gastronok (D:9)
  Josephine (D:10)
  2 two-headed ogres
  An unseen horror (D:10)
  A centaur zombie (D:10)
  A centaur skeleton (D:10)
  Maggie (D:8)
  A hornet (D:9)
  2 hippogriffs
  3 wraiths (D:10)
  Eustachio (D:5)
  7 yaks
  2 hungry ghosts
  A steam dragon (D:10)
  Menkaure (D:7)
  4 ice beasts
  3 orc warriors
  2 necrophages (D:10)
  8 ogres
  3 centaurs
  A crocodile (D:10)
  2 big kobolds (D:10)
  A wyvern zombie (D:10)
  6 bullfrogs
  5 scorpions
  11 killer bees
  6 wights
  5 crimson imps
  A jelly (D:7)
  2 bullfrog zombies (D:10)
  3 hounds
  A quasit (D:7)
  Crazy Yiuf (D:2)
  3 orc priests
  A bullfrog skeleton (D:8)
  7 orc wizards
  4 iguanas
  6 worker ants
  A killer bee zombie (D:6)
  A worker ant zombie (D:10)
  3 gnolls (D:4)
  A howler monkey skeleton (D:10)
  10 adders
  3 shadow imps
  An adder zombie (D:5)
  A dart slug (D:4)
  2 worms (D:2)
  7 leopard geckos
  33 orcs
  4 giant cockroaches
  13 hobgoblins
  8 jackals
  6 quokkas
  A ball python (D:3)
  4 bats
  5 frilled lizards
  6 goblins
  16 kobolds
  4 orc zombies (D:11)
  8 rats
250 creatures vanquished.

Notes
Turn   | Place    | Note
-------+----------+-------------------------------------------
     0 | D:1      | funkygono the Demonspawn Conjurer began the quest for the
                  | Orb.
     0 | D:1      | Reached XP level 1. HP: 13/13 MP: 3/3
   385 | D:1      | Gained mutation: You have a pair of small antennae on your
                  | head. [demonic ancestry]
   385 | D:1      | Reached XP level 2. HP: 10/19 MP: 0/5
   389 | D:1      | Learned a level 2 spell: Searing Ray
  1436 | D:2      | Found an ancient bone altar of Kikubaaqudgha.
  1590 | D:2      | Gained mutation: When seriously injured, your bleeding
                  | wounds create armour. (AC +6) [demonic ancestry]
  1590 | D:2      | Reached XP level 3. HP: 24/24 MP: 4/6
  2082 | D:2      | Found a runed translucent door.
  2083 | D:2      | Noticed Crazy Yiuf
  2090 | D:2      | Killed Crazy Yiuf
  2090 | D:2      | Reached skill level 5 in Conjurations
  2742 | D:3      | Reached XP level 4. HP: 31/31 MP: 4/7
  3630 | D:3      | Reached skill level 1 in Fighting
  4061 | D:4      | Reached XP level 5. HP: 29/37 MP: 0/9
  4312 | D:4      | Noticed an ogre
  4317 | D:4      | Killed an ogre
  4430 | D:4      | Noticed an ogre
  4436 | D:4      | Killed an ogre
  4436 | D:4      | Reached skill level 6 in Conjurations
  4436 | D:4      | Reached XP level 6. HP: 43/43 MP: 5/11
  4559 | D:4      | Reached skill level 1 in Maces & Flails
  4582 | D:4      | Found a sparkling altar of Nemelex Xobeh.
  5228 | D:4      | Found a stormy altar of Qazlal.
  5292 | D:5      | Entered Level 5 of the Dungeon
  5334 | D:5      | Found an ornate altar of the Wu Jian Council.
  5420 | D:5      | Gained mutation: You sometimes gain a little power by
                  | taking damage. [demonic ancestry]
  5420 | D:5      | Reached XP level 7. HP: 34/48 MP: 9/13
  5716 | D:5      | Reached skill level 5 in Spellcasting
  6141 | D:5      | Reached skill level 7 in Conjurations
  6217 | D:5      | Noticed Eustachio
  6273 | D:5      | Killed Eustachio
  6273 | D:5      | Reached XP level 8. HP: 31/56 MP: 1/16
  7646 | D:6      | Found a glowing golden altar of the Shining One.
  7646 | D:6      | Noticed an angel
  7647 | D:6      | Found a runed translucent door.
  7877 | D:6      | Found a sacrificial altar of Ru.
  8502 | D:6      | Found a hide-covered altar of Uskayaw.
  8779 | D:7      | Found a staircase to the Ecumenical Temple.
  8794 | Temple   | Entered the Ecumenical Temple
  8915 | Temple   | Became a worshipper of Sif Muna the Loreminder
  9034 | D:7      | Reached skill level 8 in Conjurations
  9707 | D:7      | Gained mutation: You are partially covered in sharp spines.
                  | [demonic ancestry]
  9707 | D:7      | Reached XP level 9. HP: 62/62 MP: 15/19
  9888 | D:7      | Noticed Menkaure
  9891 | D:7      | Killed Menkaure
 10327 | D:8      | Found a snail-covered altar of Cheibriados.
 10328 | D:8      | Found a burning altar of Makhleb.
 10455 | D:8      | Found a blossoming altar of Fedhas.
 10456 | D:8      | Found an opulent altar of Gozag.
 10801 | D:8      | Noticed Maggie
 10810 | D:8      | Killed Maggie
 10810 | D:8      | Reached skill level 9 in Conjurations
 11132 | D:9      | Noticed Gastronok
 11158 | D:9      | Killed Gastronok
 11158 | D:9      | Reached skill level 5 in Dodging
 11158 | D:9      | Reached skill level 10 in Conjurations
 11158 | D:9      | Reached XP level 10. HP: 25/70 MP: 14/23
 11327 | D:9      | Noticed a two-headed ogre
 11337 | D:9      | Killed a two-headed ogre
 11591 | D:9      | Reached * piety under Sif Muna
 11696 | D:9      | Found an iron altar of Okawaru.
 11915 | D:9      | Reached skill level 11 in Conjurations
 11982 | D:9      | Found a hazy altar of Hepliaklqana.
 12027 | D:9      | Found an opulent altar of Gozag.
 12369 | D:9      | Reached skill level 10 in Spellcasting
 12414 | D:9      | Found a bloodstained altar of Trog.
 12531 | D:9      | Identified the ring of Weidusit {*Contam +Inv AC+4 Str+2
                  | Int+2}
 12780 | D:10     | Entered Level 10 of the Dungeon
 12810 | D:10     | Reached XP level 11. HP: 76/76 MP: 20/25
 12996 | D:10     | Reached ** piety under Sif Muna
 13000 | D:10     | Noticed Josephine
 13017 | D:10     | Killed Josephine
 13956 | D:10     | Learned a level 1 spell: Summon Small Mammal
 14034 | D:10     | Killed an unseen horror
 14504 | D:10     | Noticed a two-headed ogre
 14513 | D:10     | Killed a two-headed ogre
 15594 | D:11     | Noticed Urug
 15651 | D:10     | HP: 1/78 [Urug/+0 great sword of holy wrath (4)]
 15673 | D:10     | Slain by Urug

Illustrated notes

Levels and vault maps discovered:
D:1:      minmay_arrival_doors, layout_rooms
D:2:      layout_basic, kiku_gazebo_garden_becter,
          chequers_serial_rivers_small_a, uniq_crazy_yiuf_cottage
D:3:      layout_basic, first_ration
D:4:      layout_cave_pods, nemelex_xobeh_ov_fountains_minmay,
          nicolae_qazlal_eye_of_the_storm
D:5:      wad_lake_hut, layout_basic, nicolae_overflow_crystal_walls,
          st_stairs_5, uniq_eustachio
D:6:      layout_layer_cave, nicolae_ru_the_path_less_chosen,
          lemuel_coloured_pillars_altar, minmay_misc_feat_room,
          palyth_stone_intersect, lemuel_angel_altar
D:7:      layout_basic, minmay_temple_entry_glass, minmay_misc_feat_rows,
          uniq_menkaure
D:8:      layout_basic, nicolae_overflow_hidden_temple, minmay_manual_maat,
          uniq_maggie
D:9:      layout_rooms, kennysheep_little_box, kennysheep_okawaru_gauntlet,
          lightli_temple_of_fire, basic_altar, uniq_gastronok
D:10:     layout_long_grid, serial_undead, serial_undead_a, serial_undead_f,
          serial_undead_a, serial_undead_b, serial_undead_e, serial_undead_b,
          serial_undead_f, serial_undead_d, enter_bailey_2, uniq_josephine
D:11:     layout_irregular_city, david_lair_shrubbed, zombieorc2_lemuel,
          uniq_urug
Temple:   nicolae_temple_figure_zero

Skill      XL: |  1  2  3  4  5  6  7  8  9 10 11 |
---------------+----------------------------------+-----
Dodging        | 2 4 5 6 8 |  8.1
Conjurations   | 5 6 7 8 10 11 | 11.9
Fighting       | 1 2 3 4 |  4.5
Spellcasting   | 3 4 5 6 9 10 | 10.9
Maces & Flails | 1 2 3 |  3.2
Stealth        | |  1.7

Action                   |  1- 3 |  4- 6 |  7- 9 | 10-12 || total
-------------------------+-------+-------+-------+-------++-------
Melee: Club              |    31 |     5 |    20 |    23 ||    79
       Morningstar       |       |       |       |     2 ||     2
 Cast: Magic Dart        |    67 |    53 |    90 |    70 ||   280
       Searing Ray       |     6 |    22 |    63 |    77 ||   168
       Summon Small Mamm |       |       |       |     2 ||     2
  Use: Scroll            |     5 |     7 |    10 |     3 ||    25
       Potion            |       |       |     5 |     8 ||    13
  Eat: Chunk             |     7 |     8 |    11 |    12 ||    38
       Ration            |       |       |     2 |     1 ||     3
Armor: Robe              |     6 |     1 |    47 |    22 ||    76
Dodge: Dodged            |    25 |    14 |   148 |   105 ||   292
Block: Other             |       |       |     6 |    34 ||    40
       Reflection        |       |       |       |     4 ||     4
